 Dungeon Crawl Stone Soup version 0.31-a0-237-g2d982f9f85 (webtiles) character file.

Game seed: 14805268686867742788

137 qw the Shooter (level 5, 0/45 HPs)
             Began as a Minotaur Hexslinger on July 10, 2023.
             Slain by a ball python (1 damage)
             ... on level 4 of the Dungeon.
             The game lasted 00:00:51 (2283 turns).

qw the Shooter (Minotaur Hexslinger)                Turns: 2283, Time: 00:00:51

Health: 0/45       AC:  5    Str: 12    XL:     5   Next: 0%
Magic:  5/5        EV: 12    Int: 10    God:
Gold:   87         SH:  0    Dex: 15    Spells: 5/6 levels left

rFire   . . .        Y - +1 sling
rCold   . . .        (no shield)
rNeg    . . .        c - +0 leather armour
rPois   .            (helmet restricted)
rElec   .            n - +0 cloak
rCorr   +            (no gloves)
SInv    .            b - +0 pair of boots
Will    .....        (no amulet)
Stlth   +            j - ring of resist corrosion
HPRegen 0.27/turn    (no ring)
MPRegen 0.09/turn

%: no passive effects
@: no status effects
A: horns 2, retaliatory headbutt
a: no special abilities


You were on level 4 of the Dungeon.
You visited 1 branch of the dungeon, and saw 4 of its levels.

You collected 121 gold pieces.
You spent 34 gold pieces at shops.


Innate Abilities, Weirdness & Mutations

You have a pair of horns on your head.
You reflexively headbutt those who attack you in melee.


   Skills:
 - Level 3.0 Fighting
 + Level 5.0 Ranged Weapons
 - Level 1.0 Armour
 - Level 2.1 Dodging
 - Level 1.0 Spellcasting
 - Level 2.0 Hexes


You had 5 spell levels left.
You knew the following spells:

 Your Spells              Type           Power      Damage    Failure   Level
a - Slow                  Hex            16%        N/A       19%         1

Your spell library contained the following spells:

 Spells                   Type           Power      Damage    Failure   Level
 Inner Flame              Hex/Fire       2%         N/A       65%         3
 Portal Projectile        Hex/Tloc       4%         N/A       65%         3
 Cause Fear               Hex            2%         N/A       88%         4

Inventory:

Hand Weapons
 Y - a +1 sling (weapon)
Armour
 b - a +0 pair of boots (worn)
 c - a +0 leather armour (worn)
 n - a +0 cloak (worn)
Jewellery
 j - a ring of resist corrosion (left hand)
Scrolls
 h - a scroll of identify
Potions
 a - a potion of resistance
 d - a potion of berserk rage {unknown}
 e - a potion of heal wounds {unknown}
 i - a potion of curing
 k - a potion of magic {unknown}
 l - a potion of haste {unknown}

Dungeon Overview and Level Annotations

Branches:
Dungeon (4/15)
 Temple: D:4-7

Altars:

Shops:
D:2 (   D:3 ([**[


Message History

You kill the endoplasm!
The gnoll barely misses you. The gnoll misses you. The gnoll barely misses you.
The gnoll hits you but does no damage.
Your Armour skill increases to level 1!
You have reached level 5!
You shoot a sling bullet.
The sling bullet hits the gnoll but does no damage.
A ball python comes into view.
The gnoll hits you from afar with a +0 halberd!
The gnoll hits you from afar with a +2 spear of freezing!
The gnoll freezes you.
You shoot a sling bullet.
The sling bullet closely misses the gnoll.
The ball python hisses angrily.
The gnoll completely misses you. The gnoll closely misses you.
You shoot a sling bullet. The sling bullet hits the gnoll.
The gnoll is moderately wounded.
The gnoll hits you from afar with a +2 spear of freezing.
The gnoll freezes you. The gnoll closely misses you.
You shoot a sling bullet. The sling bullet hits the gnoll.
The gnoll is heavily wounded.
The gnoll closely misses you. The gnoll barely misses you.
The gnoll hits you but does no damage.
You shoot a sling bullet.
The sling bullet barely misses the gnoll.
The gnoll barely misses you. The gnoll hits you but does no damage.
The gnoll barely misses you. You furiously retaliate!
You headbutt the gnoll, but do no damage.
The gnoll hits you from afar with a +0 halberd!
The gnoll hits you but does no damage. The gnoll hits you with a +0 club.
You shoot a sling bullet.
The sling bullet hits the gnoll but does no damage.
The gnoll is heavily wounded.
The gnoll misses you. The gnoll hits you with a +0 club.
The gnoll completely misses you.
You shoot a sling bullet.
The sling bullet barely misses the gnoll.
The gnoll hits you from afar with a +2 spear of freezing.
The gnoll freezes you. The gnoll hits you but does no damage.
The ball python bites you.
You die...

#...###..#
#...####
#...##..##
###.....
... #..## #
#.....# .#
#.##
.##..##..#
#.###.###.#
##.# .
#.....[...
#<. ...
##..#######
###
#..###...#
#...g@...#
#...S.####
##.gg..
.....##..
...... #.#
...... ..
..... ###
.....


You could see 3 gnolls and a ball python.

Vanquished Creatures
  A sleepcap (D:4)
  An iguana (D:3)
  A gnoll (D:4)
  An adder (D:2)
  3 worms (D:2)
  2 dart slugs
  5 endoplasms
  4 goblins
  3 hobgoblins
  4 quokkas
  12 ball pythons
  4 bats
  2 frilled lizards
  6 kobolds
  4 rats
53 creatures vanquished.

Notes
Turn   | Place    | Note
-------+----------+-------------------------------------------
     0 | D:1      | qw the Minotaur Hexslinger began the quest for the Orb.
     0 | D:1      | Reached XP level 1. HP: 16/16 MP: 1/1
     0 | D:1      | 0 ||| qw: Version: 0.3-a-52-g30416fa
     0 | D:1      | 0 ||| qw: Game counter: 5227
     0 | D:1      | 0 ||| qw: Melee chars always use a shield: true
     0 | D:1      | 0 ||| qw: God list: Okawaru
     0 | D:1      | 0 ||| qw: Allow faded altars: false
     0 | D:1      | 0 ||| qw: Do Orc after clearing Dungeon:15 true
     0 | D:1      | 0 ||| qw: Do second Lair branch before Depths: true
     0 | D:1      | 0 ||| qw: Lair rune preference: random
     0 | D:1      | 0 ||| qw: Goals: Normal
     0 | D:1      | 0 ||| PLANNING D:1-11
    40 | D:1      | 40 ||| Stepping ~*~*~tactically~*~*~ (outnumbered).
    42 | D:1      | 42 ||| Stepping ~*~*~tactically~*~*~ (outnumbered).
   105 | D:1      | Reached skill level 3 in Ranged Weapons
   128 | D:1      | Reached XP level 2. HP: 23/23 MP: 2/2
   185 | D:1      | Found a faded altar of an unknown god.
   641 | D:1      | 641 ||| UPGRADING to ring of resist corrosion.
   642 | D:1      | 642 ||| READING 2 scrolls labelled TOTYOMIKKUU.
   643 | D:1      | 643 ||| READING scroll labelled CEZI YDURI.
   744 | D:1      | 744 ||| READING scroll labelled PEDIMY PIUKA.
   745 | D:1      | 745 ||| READING 2 scrolls labelled ADEACU EPLUI.
   746 | D:1      | 746 ||| DROPPING scroll of blinking.
   747 | D:1      | 747 ||| DROPPING scroll of poison.
   756 | D:2      | 756 ||| STAIRDANCE
   801 | D:2      | Reached XP level 3. HP: 29/29 MP: 3/3
   873 | D:2      | Reached skill level 4 in Ranged Weapons
   975 | D:2      | Found Vuosk's Antique Weapon Emporium.
   983 | D:2      | 983 ||| SHOPLISTING glowing shortbow (168 gold, have 38).
  1054 | D:2      | Identified the +1 robe "Jibij" {Int+2}
  1416 | D:2      | 1416 ||| UPGRADING to +0 pair of boots.
  1421 | D:2      | 1421 ||| UPGRADING to +1 robe "Jibij" {Int+2}.
  1431 | D:2      | 1431 ||| DROPPING +0 robe.
  1432 | D:2      | 1432 ||| READING scroll labelled ARPHA YDOICH.
  1433 | D:2      | 1433 ||| DRINKING 3 cyan potions.
  1434 | D:2      | 1434 ||| READING 2 scrolls of identify.
  1434 | D:2      | 1434 ||| IDENTIFYING gluggy clear potion
  1516 | D:3      | Found Tovaots's Weapon Shop.
  1532 | D:3      | Found Hienim's Assorted Antiques.
  1548 | D:3      | Reached XP level 4. HP: 25/36 MP: 4/4
  1598 | D:3      | 1598 ||| SHOPLISTING bronze wand (76 gold, have 49).
  1598 | D:3      | 1598 ||| BUYING brown potion (17 gold).
  1598 | D:3      | Bought a brown potion for 17 gold pieces
  1598 | D:3      | 1598 ||| BUYING bubbling amethyst potion (17 gold).
  1598 | D:3      | Bought a bubbling amethyst potion for 17 gold pieces
  1598 | D:3      | 1598 ||| SHOPLISTING bubbling inky potion (17 gold, have
                  | 15).
  1598 | D:3      | 1598 ||| SHOPLISTING cloak (85 gold, have 15).
  1598 | D:3      | 1598 ||| SHOPLISTING emerald potion (17 gold, have 15).
  1598 | D:3      | 1598 ||| SHOPLISTING scroll labelled CUBUEF LUKHLUHU (19
                  | gold, have 15).
  1598 | D:3      | 1598 ||| SHOPLISTING scroll labelled ULURAP ZELUR (19 gold,
                  | have 15).
  1623 | D:3      | Found Onkasmem's Armour Emporium.
  1629 | D:3      | 1629 ||| SHOPLISTING +0 pair of gloves (63 gold, have 15).
  1691 | D:3      | Found Eshiss's General Store.
  1700 | D:3      | 1700 ||| SHOPLISTING potion of curing (30 gold, have 15).
  1700 | D:3      | 1700 ||| SHOPLISTING scroll of identify (20 gold, have 15).
  1760 | D:3      | Found Hyrphu's Antique Armour Emporium.
  1764 | D:3      | 1764 ||| SHOPLISTING ring mail (124 gold, have 15).
  1764 | D:3      | 1764 ||| SHOPLISTING scorched leather armour (217 gold,
                  | have 15).
  1948 | D:3      | Reached skill level 5 in Ranged Weapons
  2168 | D:3      | 2168 ||| UPGRADING to +0 leather armour.
  2178 | D:3      | 2178 ||| DROPPING +1 robe "Jibij" {Int+2}.
  2179 | D:3      | 2179 ||| UPGRADING to +0 cloak.
  2184 | D:3      | 2184 ||| READING 2 scrolls labelled XEILING UCOUPN.
  2185 | D:3      | 2185 ||| DRINKING 2 bubbling inky potions.
  2186 | D:3      | 2186 ||| DRINKING 2 potions of curing.
  2186 | D:3      | 2186 ||| (to cure confusion)
  2187 | D:3      | 2187 ||| DROPPING potion of ambrosia.
  2188 | D:3      | 2188 ||| DROPPING scroll of fear.
  2269 | D:4      | Reached skill level 3 in Fighting
  2277 | D:4      | Reached skill level 1 in Armour
  2277 | D:4      | Reached XP level 5. HP: 43/45 MP: 5/5
  2281 | D:4      | HP: 8/45 [gnoll/+0 halberd (12)]
  2282 | D:4      | HP: 3/45 [gnoll/+0 club (2)]
  2283 | D:4      | HP: 1/45 [gnoll/+2 spear of freezing (1)]
  2283 | D:4      | Slain by a ball python

Levels and vault maps discovered:
D:1:      psy_arrival_spokes, layout_basic, nicolae_ecumenical_snake_handling
D:2:      layout_basic, serial_shops, nicolae_shop_trees
D:3:      layout_loops_ring, serial_shops, shop, nicolae_shop_rolling_square,
          nicolae_lakefront_shop, shop, nicolae_shop_pleasant_corner_grove
D:4:      layout_rooms, fedhas_altar_fruit_tree, minmay_misc_feat_doors,
          supply_closet_lemuel, minmay_misc_feat_four_crosses

Skill      XL: |  1  2  3  4 |
---------------+-------------+-----
Ranged Weapons | 3 4 5 |  5.0
Fighting       | 2 3 |  3.0
Armour         | 1 |  1.0
Dodging        | |  2.1
Spellcasting   | |  1.0
Hexes          | |  2.0

Action                     |  1- 3 |  4- 6 || total
---------------------------+-------+-------++-------
   Fire: Sling             |   130 |    43 ||   173
    Use: Scroll            |     6 |     1 ||     7
         Potion            |     1 |     2 ||     3
 Armour: Robe              |     6 |     1 ||     7
         Leather armour    |       |     8 ||     8
  Dodge: Dodged            |    36 |    20 ||    56

Table legend:
 A = Non-vault XP
 B = Vault XP
 C = Vault XP percentage of total XP
 D = Non-vault monster count
 E = Vault monster count
 F = Vault count percentage of total count
                 A         B        C        D         E       F
            +---------+---------+-------+---------+---------+-------
      Total |     193 |       3 |   1.5 |      51 |       2 |   3.8
            +---------+---------+-------+---------+---------+-------
        D:1 |      31 |       3 |   8.8 |      20 |       2 |   9.1
        D:2 |      56 |       0 |   0.0 |      19 |       0 |   0.0
        D:3 |      49 |       0 |   0.0 |       8 |       0 |   0.0
        D:4 |      57 |       0 |   0.0 |       4 |       0 |   0.0
            +---------+---------+-------+---------+---------+-------
